[ AOE2 MATCH · #467475851 ]
UnrankedSpanish vs Lithuanians
[ REPLAY ANALYSIS · EXTRACTED FROM THE RECORDED GAME ]
Feudal
10:57
Castle
14:17
Imperial
—
| APM avg | 65.9 |
| APM peak | 105 |
| eAPM avg | 19.4 |
| Villagers / military | 51 / 14 |
Focus
⚔️ 18.9% · 🌾 81.1%
Conquistador ×14
Feudal
11:47
Castle
15:29
Imperial
—
| APM avg | 38.7 |
| APM peak | 75 |
| eAPM avg | 13.7 |
| Villagers / military | 50 / 1 |
Focus
⚔️ 20.8% · 🌾 79.2%
Fishing Ship ×5 · Monk ×1
Feudal
10:10
Castle
—
Imperial
—
| APM avg | 43.9 |
| APM peak | 60 |
| eAPM avg | 14.6 |
| Villagers / military | 45 / 21 |
Focus
⚔️ 39.8% · 🌾 60.2%
Fire Galley ×16 · Unknown (2626) ×7 · Fishing Ship ×4 · Galley ×2 · Demolition Raft ×2 · Transport Ship ×1
Feudal
—
Castle
—
Imperial
—
| APM avg | 17.5 |
| APM peak | 39 |
| eAPM avg | 8.1 |
| Villagers / military | 33 / 11 |
Focus
⚔️ 23.3% · 🌾 76.7%
Galley ×10 · Fishing Ship ×4 · Fire Galley ×1
Feudal
9:18
Castle
20:18
Imperial
—
| APM avg | 41.9 |
| APM peak | 71 |
| eAPM avg | 14.9 |
| Villagers / military | 47 / 11 |
Focus
⚔️ 31.6% · 🌾 68.4%
Cavalry Archer ×6 · Militia ×5
Feudal
11:01
Castle
—
Imperial
—
| APM avg | 47.2 |
| APM peak | 84 |
| eAPM avg | 20.7 |
| Villagers / military | 45 / 13 |
Focus
⚔️ 30.3% · 🌾 69.7%
Galley ×8 · Archer ×5 · Fishing Ship ×3
Feudal
11:03
Castle
17:56
Imperial
—
| APM avg | 44.7 |
| APM peak | 90 |
| eAPM avg | 14.5 |
| Villagers / military | 43 / 18 |
Focus
⚔️ 32.2% · 🌾 67.8%
Galley ×18 · Fishing Ship ×14
Feudal
10:31
Castle
14:46
Imperial
—
| APM avg | 40.8 |
| APM peak | 79 |
| eAPM avg | 16.3 |
| Villagers / military | 73 / 7 |
Focus
⚔️ 20.6% · 🌾 79.4%
Fishing Ship ×7 · Galley ×4 · Monk ×2 · Unknown (2626) ×2 · Transport Ship ×1
Match map
Initial resources + every placement click. Lines = walls · curves = elevation contours. ◆ gold · ⬟ stone · ● berries · ✦ relic · ◌ wall gap
Your base· Open — opponent sealed themselves in
Zlap's base· ✓ Closed at 15:29 · 0t walls · no gate
[DH]Howl Jenkins's base· Open — opponent sealed themselves in
Adrijiga's base· ✓ Closed at 16:11 · 18t walls · 2 gate(s)
[DH]Misratronic's base· Open — opponent sealed themselves in
Swiemsta's base· ✓ Closed at 12:00 · 23t walls · no gate
Kupuka's base· ✓ Closed at 17:56 · 0t walls · no gate
TheFeist's base· Open — opponent sealed themselves in
Smoothed initial terrain · ◌ = detected wall gap · hover for details
Inputs per minute
— Konstantín Rokossovski - - Zlap
Build order — Konstantín Rokossovski
104 actions detected in the replay
| 0:02 | Create | Villager (Male) |
| 0:03 | Build | House |
| 0:04 | Build | House |
| 0:05 | Build | House |
| 0:06 | Create | Villager (Male) |
| 0:06 | Create | Villager (Male) |
| 0:18 | Create | Villager (Male) |
| 1:25 | Create | Villager (Male) |
| 1:25 | Create | Villager (Male) |
| 1:59 | Build | Lumber Camp |
| 2:03 | Create | Villager (Male) |
| 2:03 | Create | Villager (Male) |
| 2:15 | Create | Villager (Male) |
| 2:15 | Create | Villager (Male) |
| 2:45 | Create | Villager (Male) |
| 3:07 | Create | Villager (Male) |
| 3:07 | Create | Villager (Male) |
| 3:44 | Create | Villager (Male) |
| 3:45 | Create | Villager (Male) |
| 3:45 | Create | Villager (Male) |
| 4:15 | Build | Mill |
| 4:26 | Create | Villager (Male) |
| 4:55 | Create | Villager (Male) |
| 5:06 | Create | Villager (Male) |
| 5:49 | Create | Villager (Male) |
| 5:58 | Build | House |
| 6:03 | Create | Villager (Male) |
| 6:33 | Create | Villager (Male) |
| 6:54 | Create | Villager (Male) |
| 7:13 | Build | Mining Camp |
| 7:18 | Create | Villager (Male) |
| 7:31 | Create | Villager (Male) |
| 8:02 | Create | Villager (Male) |
| 8:19 | Create | Villager (Male) |
| 8:41 | Research | Feudal Age |
| 9:25 | Build | House |
| 9:45 | Create | Villager (Male) |
| 9:45 | Create | Villager (Male) |
| 10:57 | Age | Feudal Age |
| 10:59 | Build | Market |
| 11:03 | Build | Blacksmith |
| 11:37 | Research | Castle Age |
| 12:19 | Create | Villager (Male) |
| 12:34 | Build | Lumber Camp |
| 13:56 | Build | Palisade Wall |
| 14:17 | Age | Castle Age |
| 14:19 | Build | Castle |
| 14:47 | Create | Villager (Male) |
| 14:52 | Build | Farm |
| 14:52 | Build | Farm |
| 14:53 | Build | Farm |
| 15:04 | Build | Lumber Camp |
| 15:07 | Create | Villager (Male) |
| 15:13 | Create | Villager (Male) |
| 15:24 | Create | Conquistador |
| 15:24 | Create | Conquistador |
| 15:24 | Create | Conquistador |
| 15:24 | Create | Conquistador |
| 15:47 | Research | Double-Bit Axe |
| 16:02 | Create | Conquistador |
| 16:03 | Create | Conquistador |
| 16:17 | Create | Villager (Male) |
| 16:17 | Create | Villager (Male) |
| 16:39 | Build | Farm |
| 16:39 | Build | Farm |
| 16:40 | Build | Farm |
| 16:40 | Build | Farm |
| 16:40 | Build | Farm |
| 16:44 | Create | Conquistador |
| 16:44 | Create | Conquistador |
| 16:47 | Create | Villager (Male) |
| 17:09 | Create | Villager (Male) |
| 17:10 | Create | Villager (Male) |
| 17:35 | Create | Villager (Male) |
| 17:47 | Create | Villager (Male) |
| 17:49 | Build | Farm |
| 17:57 | Build | Farm |
| 18:01 | Build | Farm |
| 18:03 | Create | Conquistador |
| 18:03 | Create | Conquistador |
| 18:10 | Create | Villager (Male) |
| 18:24 | Create | Conquistador |
| 18:25 | Create | Conquistador |
| 18:38 | Build | Farm |
| 18:38 | Build | Farm |
| 18:39 | Build | Farm |
| 18:44 | Create | Conquistador |
| 18:44 | Create | Conquistador |
| 19:29 | Create | Villager (Male) |
| 19:30 | Create | Villager (Male) |
| 19:36 | Create | Villager (Male) |
| 19:49 | Create | Villager (Male) |
| 19:49 | Create | Villager (Male) |
| 19:49 | Create | Villager (Male) |
| 19:57 | Build | Farm |
| 19:57 | Build | Farm |
| 19:58 | Build | Farm |
| 19:58 | Build | Farm |
| 19:58 | Build | Farm |
| 20:13 | Create | Villager (Male) |
| 20:14 | Create | Villager (Male) |
| 20:20 | Research | Horse Collar |
| 20:34 | Create | Villager (Male) |
| 20:34 | Create | Villager (Male) |
Build order — Zlap
120 actions detected in the replay
| 0:02 | Create | Villager (Male) |
| 0:02 | Create | Villager (Male) |
| 0:02 | Create | Villager (Male) |
| 0:04 | Build | House |
| 0:05 | Build | House |
| 0:28 | Create | Villager (Male) |
| 0:51 | Create | Villager (Male) |
| 0:51 | Create | Villager (Male) |
| 0:52 | Create | Villager (Male) |
| 1:31 | Create | Villager (Male) |
| 2:06 | Create | Villager (Male) |
| 2:06 | Create | Villager (Male) |
| 2:06 | Create | Villager (Male) |
| 2:20 | Build | Lumber Camp |
| 2:47 | Create | Villager (Male) |
| 2:47 | Create | Villager (Male) |
| 3:24 | Create | Villager (Male) |
| 3:43 | Create | Villager (Male) |
| 3:43 | Create | Villager (Male) |
| 4:01 | Build | House |
| 4:27 | Create | Villager (Male) |
| 4:27 | Create | Villager (Male) |
| 4:49 | Create | Villager (Male) |
| 5:05 | Build | Dock |
| 5:19 | Build | House |
| 5:33 | Create | Villager (Male) |
| 6:09 | Create | Villager (Male) |
| 6:09 | Create | Villager (Male) |
| 6:20 | Create | Fishing Ship |
| 6:21 | Create | Fishing Ship |
| 6:43 | Build | House |
| 7:09 | Create | Villager (Male) |
| 7:26 | Create | Fishing Ship |
| 7:28 | Create | Villager (Male) |
| 7:40 | Build | Mill |
| 8:03 | Create | Villager (Male) |
| 8:04 | Create | Fishing Ship |
| 8:11 | Build | House |
| 8:33 | Create | Villager (Male) |
| 8:56 | Research | Loom |
| 9:05 | Build | Mining Camp |
| 9:16 | Research | Feudal Age |
| 9:24 | Create | Fishing Ship |
| 10:32 | Build | House |
| 10:33 | Build | House |
| 10:56 | Build | Lumber Camp |
| 11:39 | Create | Villager (Male) |
| 11:39 | Create | Villager (Male) |
| 11:47 | Age | Feudal Age |
| 11:59 | Build | Market |
| 12:01 | Build | Blacksmith |
| 12:40 | Build | Mining Camp |
| 12:49 | Research | Castle Age |
| 12:50 | Research | Castle Age |
| 13:02 | Build | House |
| 13:18 | Research | Double-Bit Axe |
| 13:19 | Research | Horse Collar |
| 14:04 | Build | House |
| 14:30 | Build | House |
| 14:33 | Build | House |
| 14:50 | Create | Villager (Male) |
| 14:51 | Create | Villager (Male) |
| 15:29 | Age | Castle Age |
| 15:33 | Build | Town Center |
| 15:41 | Build | Town Center |
| 15:59 | Build | Monastery |
| 16:13 | Create | Villager (Male) |
| 16:21 | Research | Bow Saw |
| 16:21 | Research | Bow Saw |
| 17:05 | Create | Villager (Male) |
| 17:09 | Create | Villager (Male) |
| 17:10 | Create | Monk |
| 17:23 | Research | Fervor |
| 17:32 | Create | Villager (Male) |
| 17:33 | Research | Wheelbarrow |
| 17:34 | Create | Villager (Male) |
| 17:38 | Build | Barracks |
| 18:00 | Build | Farm |
| 18:01 | Create | Villager (Male) |
| 18:07 | Build | Farm |
| 18:07 | Build | Farm |
| 18:08 | Build | Farm |
| 18:08 | Build | Farm |
| 18:08 | Build | Farm |
| 18:35 | Create | Villager (Male) |
| 18:37 | Create | Villager (Male) |
| 18:45 | Build | Farm |
| 18:45 | Build | Farm |
| 18:45 | Build | Farm |
| 18:46 | Build | Farm |
| 18:50 | Build | Farm |
| 18:54 | Build | Farm |
| 18:54 | Build | Farm |
| 18:54 | Build | Farm |
| 18:55 | Build | Farm |
| 18:55 | Build | Farm |
| 19:03 | Create | Villager (Male) |
| 19:18 | Build | Farm |
| 19:19 | Build | Farm |
| 19:25 | Create | Villager (Male) |
| 19:32 | Build | Farm |
| 19:37 | Build | Farm |
| 19:37 | Create | Villager (Male) |
| 19:37 | Create | Villager (Male) |
| 19:55 | Create | Villager (Male) |
| 19:57 | Create | Villager (Male) |
| 20:00 | Build | Farm |
| 20:01 | Build | Farm |
| 20:03 | Build | Farm |
| 20:05 | Create | Villager (Male) |
| 20:12 | Build | Farm |
| 20:14 | Create | Villager (Male) |
| 20:14 | Create | Villager (Male) |
| 20:23 | Create | Villager (Male) |
| 20:32 | Build | Mining Camp |
| 20:37 | Create | Villager (Male) |
| 20:41 | Build | Farm |
| 20:42 | Create | Villager (Male) |
| 20:50 | Build | House |
| 20:51 | Build | House |
Build order — [DH]Howl Jenkins
108 actions detected in the replay
| 0:00 | Create | Villager (Male) |
| 0:01 | Create | Villager (Male) |
| 0:01 | Create | Villager (Male) |
| 0:01 | Create | Villager (Male) |
| 0:02 | Create | Villager (Male) |
| 0:03 | Build | House |
| 0:05 | Build | House |
| 1:25 | Create | Villager (Male) |
| 1:50 | Build | Lumber Camp |
| 2:00 | Create | Villager (Male) |
| 2:15 | Create | Villager (Male) |
| 2:45 | Create | Villager (Male) |
| 3:13 | Create | Villager (Male) |
| 3:37 | Create | Villager (Male) |
| 3:49 | Build | House |
| 3:54 | Create | Villager (Male) |
| 4:25 | Create | Villager (Male) |
| 4:32 | Build | Dock |
| 4:46 | Create | Villager (Male) |
| 5:00 | Build | House |
| 5:16 | Create | Villager (Male) |
| 5:25 | Create | Villager (Male) |
| 5:38 | Create | Fishing Ship |
| 5:56 | Create | Villager (Male) |
| 6:35 | Create | Villager (Male) |
| 6:41 | Create | Fishing Ship |
| 6:48 | Build | House |
| 7:01 | Create | Villager (Male) |
| 7:21 | Build | Mining Camp |
| 7:35 | Create | Villager (Male) |
| 7:59 | Research | Feudal Age |
| 8:31 | Build | Dock |
| 8:34 | Create | Villager (Male) |
| 9:00 | Create | Transport Ship |
| 9:06 | Create | Villager (Male) |
| 9:12 | Build | House |
| 9:29 | Create | Villager (Male) |
| 9:59 | Build | House |
| 10:10 | Age | Feudal Age |
| 10:14 | Create | Unit 2626 |
| 10:14 | Create | Unit 2626 |
| 10:29 | Build | Dock |
| 10:37 | Create | Villager (Male) |
| 11:09 | Create | Villager (Male) |
| 11:11 | Build | House |
| 11:28 | Create | Unit 2626 |
| 11:28 | Create | Unit 2626 |
| 11:28 | Create | Unit 2626 |
| 11:30 | Create | Villager (Male) |
| 11:58 | Create | Villager (Male) |
| 12:00 | Build | House |
| 12:02 | Create | Unit 2626 |
| 12:02 | Create | Unit 2626 |
| 12:26 | Create | Galley |
| 12:26 | Create | Galley |
| 12:27 | Create | Villager (Male) |
| 13:10 | Create | Villager (Male) |
| 13:13 | Build | House |
| 13:31 | Build | Mill |
| 13:31 | Create | Villager (Male) |
| 13:46 | Create | Fire Galley |
| 13:46 | Create | Fire Galley |
| 13:49 | Create | Villager (Male) |
| 13:49 | Create | Villager (Male) |
| 13:56 | Build | House |
| 14:05 | Create | Villager (Male) |
| 14:21 | Create | Villager (Male) |
| 14:24 | Create | Demolition Raft |
| 14:29 | Create | Fire Galley |
| 14:29 | Create | Fire Galley |
| 14:29 | Create | Fire Galley |
| 14:42 | Create | Villager (Male) |
| 14:46 | Build | House |
| 14:53 | Create | Villager (Male) |
| 14:57 | Create | Fishing Ship |
| 15:09 | Create | Villager (Male) |
| 15:16 | Build | House |
| 15:29 | Create | Fishing Ship |
| 15:48 | Create | Fire Galley |
| 15:50 | Create | Villager (Male) |
| 15:59 | Build | House |
| 16:00 | Create | Villager (Male) |
| 16:17 | Create | Fire Galley |
| 16:17 | Create | Fire Galley |
| 16:24 | Create | Villager (Male) |
| 17:13 | Build | Market |
| 17:24 | Create | Demolition Raft |
| 17:36 | Research | Double-Bit Axe |
| 17:51 | Create | Villager (Male) |
| 17:51 | Create | Villager (Male) |
| 17:51 | Create | Villager (Male) |
| 18:23 | Create | Villager (Male) |
| 18:26 | Build | Blacksmith |
| 18:29 | Build | Lumber Camp |
| 19:00 | Research | Castle Age |
| 19:00 | Research | Castle Age |
| 19:10 | Build | Lumber Camp |
| 19:23 | Build | Dock |
| 19:39 | Create | Fire Galley |
| 19:40 | Create | Fire Galley |
| 20:00 | Create | Fire Galley |
| 20:02 | Create | Fire Galley |
| 20:08 | Create | Villager (Male) |
| 20:14 | Build | Lumber Camp |
| 20:20 | Create | Fire Galley |
| 20:36 | Create | Fire Galley |
| 20:38 | Create | Fire Galley |
| 20:41 | Create | Fire Galley |
Build order — Adrijiga
84 actions detected in the replay
| 0:02 | Create | Villager (Male) |
| 0:02 | Create | Villager (Male) |
| 0:05 | Build | House |
| 0:07 | Build | House |
| 0:16 | Create | Villager (Male) ×2 |
| 1:40 | Create | Villager (Male) |
| 2:00 | Create | Villager (Male) |
| 2:23 | Build | Lumber Camp |
| 2:26 | Create | Villager (Male) |
| 3:00 | Create | Villager (Male) |
| 3:01 | Create | Villager (Male) |
| 3:27 | Build | House |
| 3:45 | Build | House |
| 3:47 | Create | Villager (Male) |
| 4:03 | Create | Villager (Male) |
| 4:19 | Create | Villager (Male) |
| 4:56 | Create | Villager (Male) |
| 5:13 | Create | Villager (Male) |
| 5:29 | Create | Villager (Male) |
| 5:54 | Create | Villager (Male) |
| 6:12 | Build | House |
| 6:13 | Build | House |
| 6:15 | Build | House |
| 6:41 | Create | Villager (Male) |
| 6:51 | Create | Villager (Male) |
| 7:11 | Build | Palisade Gate |
| 7:13 | Build | House |
| 7:16 | Build | Palisade Wall |
| 7:16 | Build | Palisade Wall |
| 7:17 | Create | Villager (Male) |
| 7:30 | Create | Villager (Male) |
| 8:12 | Create | Villager (Male) |
| 8:20 | Build | Mill |
| 8:32 | Create | Villager (Male) |
| 8:44 | Build | Dock |
| 9:02 | Build | Mill |
| 9:14 | Create | Villager (Male) |
| 9:37 | Create | Villager (Male) |
| 9:58 | Create | Fishing Ship |
| 10:09 | Build | House |
| 10:12 | Build | House |
| 10:18 | Build | Palisade Wall |
| 10:22 | Build | Palisade Gate |
| 10:22 | Create | Villager (Male) |
| 10:25 | Create | Fishing Ship |
| 10:48 | Create | Villager (Male) |
| 11:08 | Create | Fishing Ship |
| 11:18 | Research | Feudal Age |
| 11:47 | Create | Villager (Male) |
| 12:09 | Create | Villager (Male) |
| 12:39 | Build | Dock |
| 12:47 | Build | Mining Camp |
| 13:16 | Create | Fishing Ship |
| 13:34 | Build | Blacksmith |
| 13:57 | Create | Villager (Male) |
| 14:03 | Create | Galley |
| 14:05 | Create | Galley |
| 14:21 | Build | Market |
| 14:26 | Build | Palisade Gate |
| 14:30 | Build | Palisade Wall |
| 14:35 | Build | Palisade Wall |
| 14:41 | Create | Galley |
| 14:47 | Create | Galley |
| 14:48 | Create | Villager (Male) |
| 15:38 | Build | Market |
| 15:59 | Research | Loom |
| 16:11 | Research | Castle Age |
| 16:12 | Research | Loom |
| 16:25 | Create | Galley |
| 16:25 | Create | Galley |
| 16:53 | Research | Fletching |
| 17:47 | Create | Fire Galley |
| 18:03 | Build | Outpost |
| 18:19 | Create | Villager (Male) |
| 19:04 | Build | Barracks |
| 19:13 | Create | Villager (Male) |
| 19:20 | Create | Galley |
| 19:22 | Research | War Galley (upgrade) |
| 19:23 | Create | Galley |
| 19:24 | Research | Bodkin Arrow |
| 19:34 | Create | Galley |
| 19:34 | Create | Galley |
| 19:52 | Build | Town Center |
| 20:06 | Create | Villager (Male) |
Build order — [DH]Misratronic
104 actions detected in the replay
| 0:02 | Create | Villager (Male) |
| 0:02 | Create | Villager (Male) |
| 0:04 | Build | House |
| 0:06 | Build | House |
| 0:13 | Create | Villager (Male) |
| 0:13 | Create | Villager (Male) |
| 1:24 | Create | Villager (Male) |
| 1:24 | Create | Villager (Male) |
| 1:51 | Create | Villager (Male) |
| 1:51 | Create | Villager (Male) |
| 2:07 | Create | Villager (Male) |
| 2:07 | Create | Villager (Male) |
| 2:30 | Create | Villager (Male) |
| 2:30 | Create | Villager (Male) |
| 2:47 | Create | Villager (Male) |
| 2:47 | Create | Villager (Male) |
| 3:36 | Build | House |
| 3:47 | Create | Villager (Male) |
| 4:04 | Create | Villager (Male) |
| 4:23 | Create | Villager (Male) |
| 4:34 | Create | Villager (Male) |
| 4:41 | Build | Barracks |
| 4:45 | Create | Villager (Male) |
| 5:23 | Build | House |
| 5:26 | Create | Villager (Male) |
| 6:09 | Research | Loom |
| 6:17 | Create | Villager (Male) |
| 6:46 | Build | Mill |
| 6:54 | Create | Militia |
| 7:08 | Research | Feudal Age |
| 7:09 | Research | Feudal Age |
| 7:10 | Create | Militia |
| 7:37 | Create | Militia |
| 7:37 | Create | Militia |
| 8:03 | Build | House |
| 8:15 | Create | Militia |
| 9:14 | Create | Villager (Male) |
| 9:18 | Age | Feudal Age |
| 9:23 | Research | Man-at-Arms (upgrade) |
| 9:36 | Build | Lumber Camp |
| 9:45 | Create | Villager (Male) |
| 10:09 | Create | Villager (Male) |
| 10:26 | Create | Villager (Male) |
| 10:37 | Build | House |
| 10:51 | Create | Villager (Male) |
| 11:07 | Create | Villager (Male) |
| 11:09 | Create | Villager (Male) |
| 11:18 | Create | Villager (Male) |
| 11:32 | Create | Villager (Male) |
| 12:04 | Research | Arson |
| 12:07 | Create | Villager (Male) |
| 12:12 | Research | Horse Collar |
| 12:28 | Build | Farm |
| 12:28 | Build | Farm |
| 12:28 | Build | Farm |
| 12:28 | Build | Farm |
| 12:28 | Build | Farm |
| 12:39 | Build | House |
| 12:59 | Build | Farm |
| 12:59 | Build | Farm |
| 12:59 | Build | Farm |
| 13:10 | Create | Villager (Male) |
| 13:18 | Create | Villager (Male) |
| 13:34 | Create | Villager (Male) |
| 13:37 | Build | Mining Camp |
| 13:52 | Create | Villager (Male) |
| 14:08 | Create | Villager (Male) |
| 14:26 | Create | Villager (Male) |
| 14:29 | Create | Villager (Male) |
| 14:33 | Create | Villager (Male) |
| 14:40 | Create | Villager (Male) |
| 14:50 | Create | Villager (Male) |
| 14:59 | Create | Villager (Male) |
| 15:09 | Create | Villager (Male) |
| 15:20 | Build | Market |
| 15:40 | Build | House |
| 16:06 | Build | House |
| 16:39 | Build | Blacksmith |
| 17:06 | Build | Archery Range |
| 17:13 | Create | Villager (Male) |
| 17:27 | Research | Castle Age |
| 17:27 | Research | Castle Age |
| 17:50 | Build | Archery Range |
| 18:00 | Build | Archery Range |
| 18:19 | Research | Fletching |
| 18:21 | Research | Gold Mining |
| 18:26 | Create | Villager (Male) |
| 18:30 | Build | House |
| 18:48 | Research | Double-Bit Axe |
| 19:46 | Create | Villager (Male) |
| 20:18 | Build | House |
| 20:18 | Age | Castle Age |
| 20:21 | Create | Cavalry Archer |
| 20:21 | Create | Cavalry Archer |
| 20:21 | Create | Cavalry Archer |
| 20:22 | Research | Bodkin Arrow |
| 20:26 | Create | Villager (Male) |
| 20:28 | Research | Bow Saw |
| 20:47 | Build | Town Center |
| 20:53 | Build | House |
| 20:57 | Build | House |
| 21:02 | Create | Cavalry Archer |
| 21:02 | Create | Cavalry Archer |
| 21:03 | Create | Cavalry Archer |
Build order — Swiemsta
111 actions detected in the replay
| 0:01 | Create | Villager (Male) |
| 0:02 | Build | House |
| 0:04 | Build | House |
| 0:15 | Create | Villager (Male) |
| 0:16 | Create | Villager (Male) |
| 0:29 | Create | Villager (Male) |
| 0:29 | Create | Villager (Male) |
| 1:25 | Create | Villager (Male) |
| 1:25 | Create | Villager (Male) |
| 2:07 | Create | Villager (Male) |
| 2:08 | Create | Villager (Male) |
| 2:25 | Build | Lumber Camp |
| 2:27 | Create | Villager (Male) |
| 3:00 | Create | Villager (Male) |
| 3:00 | Create | Villager (Male) |
| 3:24 | Create | Villager (Male) |
| 3:24 | Create | Villager (Male) |
| 3:28 | Build | House |
| 3:30 | Build | House |
| 3:49 | Create | Villager (Male) |
| 3:49 | Create | Villager (Male) |
| 4:28 | Create | Villager (Male) |
| 4:28 | Create | Villager (Male) |
| 4:44 | Build | Dock |
| 4:51 | Create | Villager (Male) |
| 5:23 | Build | Palisade Wall |
| 5:27 | Create | Villager (Male) |
| 5:27 | Create | Villager (Male) |
| 5:28 | Create | Villager (Male) |
| 5:28 | Create | Villager (Male) |
| 5:35 | Create | Villager (Male) |
| 5:50 | Create | Fishing Ship |
| 5:58 | Build | Palisade Wall |
| 6:07 | Create | Villager (Male) |
| 6:24 | Create | Fishing Ship |
| 6:28 | Create | Villager (Male) |
| 7:02 | Research | Loom |
| 7:18 | Build | House |
| 8:00 | Build | Mining Camp |
| 8:16 | Create | Villager (Male) |
| 8:24 | Create | Fishing Ship |
| 8:30 | Build | House |
| 8:31 | Build | House |
| 8:51 | Research | Feudal Age |
| 9:38 | Build | House |
| 9:47 | Build | Lumber Camp |
| 10:24 | Create | Villager (Male) |
| 10:24 | Create | Villager (Male) |
| 10:49 | Build | Dock |
| 11:01 | Age | Feudal Age |
| 11:17 | Build | Palisade Wall |
| 11:22 | Build | Palisade Wall |
| 11:28 | Research | Double-Bit Axe |
| 11:35 | Build | Palisade Wall |
| 11:35 | Build | Palisade Wall |
| 11:46 | Build | Palisade Wall |
| 11:51 | Build | Palisade Wall |
| 11:55 | Build | Palisade Wall |
| 11:58 | Build | Palisade Wall |
| 12:00 | Build | Palisade Wall |
| 12:01 | Build | Palisade Wall |
| 12:06 | Create | Galley |
| 12:07 | Create | Galley |
| 12:13 | Create | Villager (Male) |
| 12:19 | Build | Palisade Wall |
| 12:22 | Create | Villager (Male) |
| 12:33 | Build | Barracks |
| 12:38 | Research | Town Watch |
| 13:03 | Create | Galley |
| 13:03 | Create | Galley |
| 13:07 | Build | House |
| 13:10 | Create | Villager (Male) |
| 13:26 | Build | Palisade Wall |
| 13:30 | Build | Palisade Wall |
| 13:32 | Build | Palisade Wall |
| 13:35 | Build | Archery Range |
| 14:06 | Create | Archer |
| 14:33 | Create | Archer |
| 14:47 | Build | Palisade Wall |
| 14:58 | Create | Archer |
| 15:08 | Create | Villager (Male) |
| 15:09 | Create | Villager (Male) |
| 15:42 | Build | Lumber Camp |
| 15:43 | Create | Villager (Male) |
| 16:09 | Create | Villager (Male) |
| 16:21 | Create | Archer |
| 16:21 | Create | Archer |
| 16:45 | Build | Blacksmith |
| 16:48 | Build | Lumber Camp |
| 17:07 | Research | Fletching |
| 17:14 | Create | Villager (Male) |
| 17:16 | Create | Galley |
| 17:16 | Create | Galley |
| 17:44 | Create | Villager (Male) |
| 17:44 | Create | Villager (Male) |
| 17:48 | Build | Mill |
| 18:26 | Create | Galley |
| 18:27 | Create | Galley |
| 18:38 | Create | Villager (Male) |
| 18:52 | Create | Villager (Male) |
| 18:52 | Create | Villager (Male) |
| 19:17 | Create | Villager (Male) |
| 19:22 | Build | Lumber Camp |
| 19:29 | Research | Horse Collar |
| 19:37 | Create | Villager (Male) |
| 19:41 | Build | Farm |
| 19:41 | Build | Farm |
| 20:06 | Create | Villager (Male) |
| 20:08 | Build | Farm |
| 20:11 | Build | Farm |
| 20:13 | Build | Farm |
Build order — Kupuka
104 actions detected in the replay
| 0:17 | Research | Loom |
| 0:46 | Create | Villager (Male) |
| 0:46 | Create | Villager (Male) |
| 1:14 | Create | Villager (Male) |
| 1:14 | Create | Villager (Male) |
| 1:18 | Build | Lumber Camp |
| 1:39 | Create | Villager (Male) |
| 1:39 | Create | Villager (Male) |
| 1:39 | Create | Villager (Male) |
| 2:05 | Create | Villager (Male) |
| 2:05 | Create | Villager (Male) |
| 2:38 | Create | Villager (Male) |
| 2:38 | Create | Villager (Male) |
| 3:02 | Create | Villager (Male) |
| 3:03 | Create | Villager (Male) |
| 3:42 | Create | Villager (Male) |
| 3:58 | Build | House |
| 4:05 | Create | Villager (Male) |
| 4:05 | Create | Villager (Male) |
| 4:30 | Create | Villager (Male) |
| 4:30 | Create | Villager (Male) |
| 4:37 | Build | Mill |
| 5:02 | Build | House |
| 5:16 | Create | Villager (Male) |
| 5:36 | Build | Mining Camp |
| 5:39 | Create | Villager (Male) |
| 6:00 | Create | Villager (Male) |
| 6:30 | Create | Villager (Male) |
| 6:54 | Create | Villager (Male) |
| 7:14 | Create | Villager (Male) |
| 7:52 | Create | Villager (Male) |
| 8:28 | Create | Villager (Male) |
| 8:53 | Research | Feudal Age |
| 8:53 | Research | Feudal Age |
| 8:59 | Build | Dock |
| 9:06 | Build | Dock |
| 9:09 | Build | House |
| 9:12 | Build | House |
| 9:17 | Build | House |
| 9:47 | Create | Fishing Ship |
| 9:47 | Create | Fishing Ship |
| 10:39 | Build | Mining Camp |
| 10:57 | Create | Fishing Ship |
| 10:57 | Create | Fishing Ship |
| 11:00 | Create | Villager (Male) |
| 11:03 | Age | Feudal Age |
| 11:40 | Create | Galley |
| 11:40 | Create | Galley |
| 11:46 | Create | Villager (Male) |
| 11:46 | Create | Villager (Male) |
| 12:15 | Build | Market |
| 12:35 | Create | Villager (Male) |
| 12:51 | Create | Villager (Male) |
| 12:57 | Create | Galley |
| 13:01 | Build | House |
| 13:08 | Build | House |
| 13:29 | Create | Galley |
| 13:30 | Create | Galley |
| 13:31 | Create | Villager (Male) |
| 13:56 | Create | Galley |
| 13:57 | Create | Galley |
| 14:00 | Build | House |
| 14:03 | Create | Villager (Male) |
| 14:35 | Build | Blacksmith |
| 14:35 | Create | Villager (Male) |
| 15:07 | Create | Fishing Ship |
| 15:07 | Create | Fishing Ship |
| 15:16 | Research | Castle Age |
| 15:16 | Research | Castle Age |
| 15:16 | Research | Castle Age |
| 15:30 | Create | Fishing Ship |
| 15:31 | Create | Fishing Ship |
| 15:31 | Create | Fishing Ship |
| 16:29 | Research | Fletching |
| 16:32 | Create | Galley |
| 16:32 | Create | Galley |
| 16:33 | Create | Galley |
| 16:56 | Create | Galley |
| 16:56 | Create | Galley |
| 17:38 | Build | Dock |
| 17:56 | Age | Castle Age |
| 18:00 | Research | War Galley (upgrade) |
| 18:10 | Create | Villager (Male) |
| 18:11 | Create | Villager (Male) |
| 18:16 | Create | Villager (Male) |
| 18:23 | Research | Double-Bit Axe |
| 18:24 | Research | Double-Bit Axe |
| 18:24 | Research | Double-Bit Axe |
| 18:25 | Create | Villager (Male) |
| 18:48 | Create | Galley |
| 18:49 | Create | Galley |
| 18:51 | Create | Villager (Male) |
| 18:51 | Create | Villager (Male) |
| 19:22 | Build | House |
| 19:23 | Build | House |
| 19:32 | Create | Fishing Ship ×5 |
| 19:43 | Create | Galley |
| 19:43 | Create | Galley |
| 19:44 | Create | Galley |
| 19:44 | Create | Galley |
| 20:12 | Create | Villager (Male) |
| 20:13 | Create | Villager (Male) |
| 20:13 | Create | Villager (Male) |
| 20:21 | Build | Town Center |
Build order — TheFeist
149 actions detected in the replay
| 0:01 | Create | Villager (Male) |
| 0:01 | Create | Villager (Male) |
| 0:03 | Build | House |
| 0:05 | Build | House |
| 0:20 | Create | Villager (Male) |
| 0:29 | Create | Villager (Male) |
| 1:27 | Create | Villager (Male) |
| 1:27 | Create | Villager (Male) |
| 1:49 | Build | Lumber Camp |
| 2:03 | Create | Villager (Male) |
| 2:28 | Create | Villager (Male) |
| 2:28 | Create | Villager (Male) |
| 2:51 | Create | Villager (Male) |
| 2:51 | Create | Villager (Male) |
| 3:13 | Create | Villager (Male) |
| 3:13 | Create | Villager (Male) |
| 3:34 | Build | House |
| 3:39 | Create | Villager (Male) |
| 4:01 | Create | Villager (Male) |
| 4:01 | Create | Villager (Male) |
| 4:27 | Create | Villager (Male) |
| 4:27 | Create | Villager (Male) |
| 4:30 | Build | Dock |
| 4:47 | Create | Villager (Male) |
| 5:07 | Create | Fishing Ship |
| 5:11 | Build | House |
| 5:12 | Create | Villager (Male) |
| 5:40 | Create | Villager (Male) |
| 5:41 | Create | Villager (Male) |
| 5:48 | Create | Fishing Ship |
| 5:48 | Create | Fishing Ship |
| 6:08 | Create | Villager (Male) |
| 6:09 | Create | Villager (Male) |
| 6:11 | Create | Fishing Ship |
| 6:38 | Build | House |
| 6:39 | Create | Villager (Male) |
| 7:04 | Create | Villager (Male) |
| 7:04 | Create | Villager (Male) |
| 7:04 | Create | Villager (Male) |
| 7:12 | Create | Villager (Male) |
| 7:19 | Build | Lumber Camp |
| 7:25 | Create | Villager (Male) |
| 7:56 | Create | Fishing Ship |
| 8:19 | Research | Feudal Age |
| 8:19 | Research | Feudal Age |
| 8:25 | Create | Fishing Ship |
| 8:55 | Create | Transport Ship |
| 8:59 | Create | Villager (Male) |
| 9:07 | Build | House |
| 10:07 | Build | Mill |
| 10:20 | Create | Villager (Male) |
| 10:31 | Age | Feudal Age |
| 10:46 | Build | Market |
| 10:49 | Create | Villager (Male) |
| 10:58 | Build | Blacksmith |
| 11:01 | Create | Unit 2626 |
| 11:04 | Create | Villager (Male) |
| 11:12 | Research | Loom |
| 11:17 | Create | Villager (Male) |
| 11:35 | Build | Lumber Camp |
| 12:06 | Research | Castle Age |
| 12:26 | Build | Lumber Camp |
| 12:36 | Build | House |
| 12:40 | Build | House |
| 12:42 | Build | House |
| 12:48 | Build | House |
| 12:51 | Build | House |
| 12:53 | Build | House |
| 13:05 | Build | Palisade Wall |
| 13:17 | Build | Palisade Wall |
| 13:21 | Build | Palisade Gate |
| 13:22 | Build | Palisade Wall |
| 13:25 | Create | Villager (Male) |
| 13:35 | Create | Unit 2626 |
| 13:57 | Build | Mining Camp |
| 14:18 | Create | Villager (Male) |
| 14:23 | Research | Double-Bit Axe |
| 14:24 | Research | Double-Bit Axe |
| 14:46 | Age | Castle Age |
| 15:00 | Create | Villager (Male) |
| 15:01 | Create | Villager (Male) |
| 15:03 | Research | Bow Saw |
| 15:25 | Build | Town Center |
| 15:27 | Create | Villager (Male) |
| 15:31 | Research | Horse Collar |
| 15:46 | Build | Farm |
| 16:19 | Create | Villager (Male) |
| 16:19 | Create | Villager (Male) |
| 16:29 | Build | Dock |
| 16:40 | Create | Villager (Male) |
| 16:40 | Create | Villager (Male) |
| 17:12 | Build | Town Center |
| 17:17 | Build | Farm |
| 17:17 | Build | Farm |
| 17:19 | Build | Farm |
| 17:35 | Create | Villager (Male) |
| 17:35 | Create | Villager (Male) |
| 17:39 | Build | Farm |
| 17:46 | Build | Monastery |
| 17:47 | Create | Villager (Male) |
| 18:06 | Research | Loom |
| 18:10 | Build | Farm |
| 18:12 | Create | Galley |
| 18:12 | Create | Galley |
| 18:16 | Build | Farm |
| 18:16 | Create | Villager (Male) |
| 18:16 | Create | Villager (Male) |
| 18:20 | Build | Farm |
| 18:25 | Create | Villager (Male) |
| 18:36 | Create | Monk |
| 18:37 | Create | Monk |
| 18:44 | Build | Farm |
| 18:45 | Create | Villager (Male) |
| 18:45 | Create | Villager (Male) |
| 18:48 | Build | Farm |
| 18:54 | Build | House |
| 18:56 | Create | Fishing Ship |
| 18:58 | Create | Villager (Male) |
| 18:58 | Create | Villager (Male) |
| 19:00 | Create | Villager (Male) |
| 19:13 | Create | Villager (Male) |
| 19:13 | Create | Villager (Male) |
| 19:17 | Build | Mining Camp |
| 19:37 | Create | Villager (Male) |
| 19:37 | Create | Villager (Male) |
| 19:38 | Create | Villager (Male) |
| 19:41 | Build | Outpost |
| 19:50 | Create | Villager (Male) |
| 19:56 | Create | Villager (Male) |
| 19:56 | Create | Villager (Male) |
| 19:59 | Create | Villager (Male) |
| 19:59 | Create | Villager (Male) |
| 20:01 | Build | Farm |
| 20:03 | Build | Farm |
| 20:04 | Build | Farm |
| 20:07 | Create | Villager (Male) |
| 20:07 | Create | Villager (Male) |
| 20:14 | Create | Galley |
| 20:15 | Create | Galley |
| 20:17 | Create | Villager (Male) |
| 20:17 | Create | Villager (Male) |
| 20:28 | Build | Castle |
| 20:38 | Research | Fletching |
| 20:57 | Create | Villager (Male) |
| 20:57 | Create | Villager (Male) |
| 21:00 | Build | Farm |
| 21:05 | Create | Villager (Male) |
| 21:06 | Create | Villager (Male) |
| 21:09 | Build | Farm |
Match timeline
| 4:30 | TheFeist · first_building Dock |
| 4:32 | [DH]Howl Jenkins · first_building Dock |
| 4:41 | [DH]Misratronic · first_building Barracks |
| 4:44 | Swiemsta · first_building Dock |
| 5:05 | Zlap · first_building Dock |
| 5:23 | Swiemsta · wall_segment Palisade Wall x15 |
| 5:58 | Swiemsta · wall_segment Palisade Wall x1 |
| 7:16 | Adrijiga · wall_segment Palisade Wall x1 |
| 7:16 | Adrijiga · wall_segment Palisade Wall x1 |
| 8:44 | Adrijiga · first_building Dock |
| 8:59 | Kupuka · first_building Dock |
| 9:18 | [DH]Misratronic · age_up feudal |
| 10:10 | [DH]Howl Jenkins · age_up feudal |
| 10:18 | Adrijiga · wall_segment Palisade Wall x7 |
| 10:31 | TheFeist · age_up feudal |
| 10:57 | Konstantín Rokossovski · age_up feudal |
| 11:01 | Swiemsta · age_up feudal |
| 11:03 | Kupuka · age_up feudal |
| 11:17 | Swiemsta · wall_segment Palisade Wall x1 |
| 11:22 | Swiemsta · wall_segment Palisade Wall x1 |
| 11:35 | Swiemsta · wall_segment Palisade Wall x1 |
| 11:35 | Swiemsta · wall_segment Palisade Wall x1 |
| 11:46 | Swiemsta · wall_segment Palisade Wall x1 |
| 11:47 | Zlap · age_up feudal |
| 11:51 | Swiemsta · wall_segment Palisade Wall x1 |
| 11:55 | Swiemsta · wall_segment Palisade Wall x1 |
| 11:58 | Swiemsta · wall_segment Palisade Wall x1 |
| 12:00 | Swiemsta · wall_segment Palisade Wall x1 |
| 12:01 | Swiemsta · wall_segment Palisade Wall x1 |
| 12:19 | Swiemsta · wall_segment Palisade Wall x1 |
| 12:33 | Swiemsta · first_building Barracks |
| 13:05 | TheFeist · wall_segment Palisade Wall x7 |
| 13:17 | TheFeist · wall_segment Palisade Wall x8 |
| 13:22 | TheFeist · wall_segment Palisade Wall x1 |
| 13:26 | Swiemsta · wall_segment Palisade Wall x5 |
| 13:30 | Swiemsta · wall_segment Palisade Wall x2 |
| 13:32 | Swiemsta · wall_segment Palisade Wall x7 |
| 13:35 | Swiemsta · first_building Archery Range |
| 13:56 | Konstantín Rokossovski · wall_segment Palisade Wall x1 |
| 14:17 | Konstantín Rokossovski · age_up castle |
| 14:19 | Konstantín Rokossovski · first_building Castle |
| 14:30 | Adrijiga · wall_segment Palisade Wall x2 |
| 14:35 | Adrijiga · wall_segment Palisade Wall x7 |
| 14:46 | TheFeist · age_up castle |
| 14:47 | Swiemsta · wall_segment Palisade Wall x1 |
| 15:15 | Kupuka · first_market_buy 100 food |
| 15:29 | Zlap · age_up castle |
| 15:59 | Zlap · first_building Monastery |
| 16:34 | Konstantín Rokossovski · first_market_buy 100 food |
| 17:06 | [DH]Misratronic · first_building Archery Range |
| 17:38 | Zlap · first_building Barracks |
| 17:46 | TheFeist · first_building Monastery |
| 17:56 | Kupuka · age_up castle |
| 18:36 | TheFeist · first_market_sell 100 wood |
| 18:51 | Zlap · first_market_buy 100 wood |
| 19:04 | Adrijiga · first_building Barracks |
| 19:19 | [DH]Howl Jenkins · first_market_buy 100 wood |
| 20:18 | [DH]Misratronic · age_up castle |
| 20:28 | TheFeist · first_building Castle |
| 21:00 | Kupuka · resign |
[ AI ANALYSIS · 1 CREDIT ]
What really happened in this match?
Wolo.gg analyzes every decision: build order, eco, micro, common mistakes by bracket. Personalized analysis on WhatsApp or Discord in 30 seconds.
Civ guide
Spanish
Perfil
Jugador #4210121